 Dungeon Crawl Stone Soup version 0.31-a0-361-g0f8bd3a31e (webtiles) character file.

Game seed: 1227505609521723351

10733 MacCMillion the Grappler (level 11, -49/97 HPs)
             Began as a Grey Draconian Shapeshifter on July 27, 2023.
             Was a Priest of Qazlal.
             Annihilated by a titanic slime creature (87 damage)
             ... on level 12 of the Dungeon.
             The game lasted 00:21:20 (13091 turns).

MacCMillion the Grappler (DrSh)                    Turns: 13091, Time: 00:21:21

Health: -49/97     AC: 12    Str: 21    XL:     11   Next: 40%
Magic:  0/13       EV: 16    Int:  9    God:    Qazlal [***...]
Gold:   846        SH:  4    Dex: 19    Spells: 10/10 levels left

rFire   . .          .
                       - Unarmed
rCold   . . .        (no shield)
rNeg    . . .        (body armour unavailable)
rPois   .            (helmet currently unavailable)
rElec   .            (cloak currently unavailable)
rCorr   .            (gloves currently unavailable)
SInv    .            (boots currently unavailable)
Will    .....        f - amulet "Dudytarr" {Spirit Regen+ Dex+7}
Stlth   +            (no ring)
HPRegen 1.16/turn    (no ring)
MPRegen 0.13/turn

%: guardian spirit
@: beast-form
A: beast (slay +5), AC +12, amphibious, unfitting armour, cold-blooded
a: Begin Untransformation, Renounce Religion, Upheaval, Elemental Force


You were on level 12 of the Dungeon.
You worshipped Qazlal.
Qazlal was most pleased with you.
You were a hulking beast.
You visited 1 branch of the dungeon, and saw 12 of its levels.

You collected 846 gold pieces.

Inventory:

Missiles
 N - 15 poisoned darts
Armour
 q - a scarf of repulsion
Jewellery
 f - the amulet "Dudytarr" (around neck) {Spirit Regen+ Dex+7}
   (You acquired it on level 9 of the Dungeon)

   [amulet of guardian spirit]

   It causes incoming damage to be divided between your reserves of health and
   magic.
   Dex:       It affects your dexterity (+7).
   Regen:     It increases your rate of health regeneration.
 i - a ring of magical power
 j - an amulet of faith
 A - an amulet of the acrobat
 H - a ring of wizardry
 Q - a ring of poison resistance
Talismans
 b - a beast talisman
 E - a maw talisman
Wands
 x - a wand of acid (18)
 C - a wand of flame (32)
 F - a wand of mindburst (23)
 J - a wand of iceblast (12)
 K - a wand of paralysis (8)
Scrolls
 c - 6 scrolls of identify
 d - 6 scrolls of amnesia {unknown}
 e - a scroll of summoning
 g - 2 scrolls of enchant armour {unknown}
 h - 4 scrolls of blinking {unknown}
 n - 3 scrolls of poison {unknown}
 r - a scroll of silence {unknown}
 t - 3 scrolls of noise {unknown}
 u - a scroll of fog {unknown}
 v - 3 scrolls of enchant weapon {unknown}
 w - 4 scrolls of teleportation {unknown}
 y - a scroll of fear {unknown}
 z - 2 scrolls of brand weapon {unknown}
 I - a scroll of vulnerability {unknown}
 M - a scroll of immolation {unknown}
Potions
 a - 3 potions of lignification
 k - 3 potions of haste
 l - a potion of brilliance
 m - a potion of enlightenment {unknown}
 o - a potion of cancellation {unknown}
 p - 4 potions of degeneration
 s - 2 potions of might
 B - 4 potions of curing
 D - a potion of magic {unknown}
 G - a potion of attraction {unknown}
 L - a potion of resistance {unknown}
 O - a potion of heal wounds {unknown}
Miscellaneous
 P - a lightning rod (4/4)


   Skills:
 - Level 9.0 Fighting
 + Level 6.5 Dodging
 - Level 12.0 Unarmed Combat
 + Level 3.2 Invocations
 * Level 7.9 Shapeshifting


You had 10 spell levels left.
You didn't know any spells.
Your spell library contained the following spells:

 Spells                   Type           Power      Damage    Failure   Level
 Apportation              Tloc           0%         N/A       38%         1
 Kiss of Death            Conj/Necr      0%         2d5       38%         1
 Magic Dart               Conj           0%         1d3       38%         1
 Necrotise                Necr           0%         1d4       38%         1
 Summon Small Mammal      Summ           0%         N/A       38%         1
 Call Imp                 Summ           0%         N/A       52%         2
 Confusing Touch          Hex            0%         N/A       77%         3
 Inner Flame              Hex/Fire       0%         N/A       77%         3
 Mephitic Cloud           Conj/Pois/Air  0%         N/A       77%         3
 Summon Guardian Golem    Hex/Summ       0%         N/A       77%         3
 Vampiric Draining        Necr           0%         2d6       77%         3
 Dispel Undead            Necr           0%         3d6       99%         4
 Flame Wave               Conj/Fire      0%         2d4       99%         4
 Petrify                  Tmut/Erth      0%         N/A       99%         4
 Sticky Flame             Conj/Fire      0%         2d3       99%         4
 Agony                    Necr           0%         N/A       100%        5
 Alistair's Intoxication  Tmut/Pois      0%         N/A       100%        5
 Borgnjor's Vile Clutch   Necr/Erth      0%         N/A       100%        5
 Conjure Ball Lightning   Conj/Air       0%         3x3d6     100%        6
 Eringya's Noxious Bog    Tmut/Pois      0%         4d6       100%        6
 Plasma Beam              Fire/Air       0%         2x1d10    100%        6
 Orb of Destruction       Conj           0%         9d5       100%        7
 Spellforged Servitor     Conj/Summ      0%         N/A       100%        7


Dungeon Overview and Level Annotations

Branches:
Dungeon (12/15)            Temple (0/1) D:6            Lair (0/5) D:9
    Orc (0/2) D:11

Altars:
Ashenzari
Gozag
Hepliaklqana
Kikubaaqudgha
Makhleb
Qazlal
Uskayaw
Vehumet
Yredelemnul

Shops:
D:10 :[

Annotations:
D:3 2 transporters, rigrig's ghost, amateur TrSh
D:4 3 runed translucent doors, blacky4's ghost, amateur DsMo


Innate Abilities, Weirdness & Mutations

You are a hulking beast.
Your limbs bulge with bestial killing power. (Slay +5)
Your dull iron-grey scales are very hard. (AC +12)
You are amphibious.
You cannot fit into any form of body armour.
You are cold-blooded and may be slowed by cold attacks.


Message History

Your tail-slap misses the enormous slime creature.
The enormous slime creature is severely wounded.
Two slime creatures merge to form a titanic slime creature.
You punch the titanic slime creature!
You tail-slap the titanic slime creature.
The titanic slime creature is heavily wounded.
You barely miss the titanic slime creature.
Your tail-slap misses the titanic slime creature.
The titanic slime creature is heavily wounded.
The titanic slime creature misses you.
You hit the titanic slime creature.
You tail-slap the titanic slime creature.
The titanic slime creature is heavily wounded.
The titanic slime creature barely misses you.
You pummel the titanic slime creature!!
You tail-slap the titanic slime creature.
The titanic slime creature is severely wounded.
The titanic slime creature hits you!
You barely miss the titanic slime creature.
The titanic slime creature is severely wounded.
The titanic slime creature closely misses you.
You pummel the titanic slime creature!! You punch the titanic slime creature!
The titanic slime creature is severely wounded.
You punch the titanic slime creature!
The titanic slime creature is severely wounded.
The titanic slime creature misses you.
You pummel the titanic slime creature!!
The titanic slime creature is almost dead.
You block the titanic slime creature's attack.
You barely miss the titanic slime creature.
You tail-slap the titanic slime creature, but do no damage.
You punch the titanic slime creature, but do no damage.
The titanic slime creature is almost dead.
The titanic slime creature hits you!!!
Ouch! That really hurt!
You are too injured to fight recklessly!
The titanic slime creature attacks as you move away!
The titanic slime creature hits you!!!!
Ouch! That really hurt!
You die...

♣ )...# ♣. #...#
.##...# #.....#
..... ... #J#
####
#.####h###.....
#..............
######.....<##
#.###.## #.# #
#######.###+###
#..............
#
#....##.##.....
##.#####....####
....


You could see a titanic slime creature.

Vanquished Creatures
  Josephine (D:10)
  An ugly thing (D:11)
  An unseen horror (D:10)
  A troll (D:11)
  A hornet (D:9)
  6 yaks
  3 wyverns
  2 shadows (D:10)
  11 wraiths
  3 steam dragons
  3 vampire mosquitoes (D:7)
  3 water moccasins (D:9)
  An ice beast (D:6)
  3 sky beasts (D:7)
  3 orc warriors
  A black bear (D:9)
  5 ogres
  3 centaurs
  A phantom (D:6)
  Blork the orc (D:6)
  5 kobold brigands
  3 bullfrogs
  A gnoll sergeant (D:5)
  6 scorpions
  18 killer bees
  6 howler monkeys
  2 jellies
  2 gnoll boudas
  8 orc priests
  2 sleepcaps
  2 hounds
  4 iguanas
  11 orc wizards
  Terence (D:3)
  A statue (D:5)
  15 gnolls
  15 adders
  3 worms (D:2)
  A dart slug (D:5)
  38 orcs
  10 ball pythons
  8 bats
  9 endoplasms
  4 giant cockroaches
  3 goblins
  10 hobgoblins
  3 jackals (D:2)
  19 kobolds
  7 quokkas
  3 frilled lizards (D:2)
  10 rats
284 creatures vanquished.

Notes
Turn   | Place    | Note
-------+----------+-------------------------------------------
     0 | D:1      | MacCMillion the Draconian Shapeshifter began the quest for
                  | the Orb.
     0 | D:1      | Reached XP level 1. HP: 16/16 MP: 1/1
   290 | D:1      | Reached XP level 2. HP: 17/23 MP: 2/2
  1210 | D:2      | Reached XP level 3. HP: 29/29 MP: 3/3
  1238 | D:2      | Reached skill level 4 in Unarmed Combat
  1473 | D:2      | Reached XP level 4. HP: 36/37 MP: 4/4
  1485 | D:2      | Got the Spellbook of the Floating Plateau
  1560 | D:2      | Found a basalt altar of Yredelemnul.
  2627 | D:3      | Reached skill level 5 in Unarmed Combat
  2627 | D:3      | Reached XP level 5. HP: 45/45 MP: 5/5
  2627 | D:3      | Found an ancient bone altar of Kikubaaqudgha.
  2726 | D:3      | Noticed Terence
  2737 | D:3      | Killed Terence
  2831 | D:3      | Found a transporter.
  2834 | D:3      | Noticed rigrig's ghost (amateur TrSh)
  2848 | D:3      | Found a transporter.
  3203 | D:3      | Found a hide-covered altar of Uskayaw.
  3316 | D:3      | Found a faded altar of an unknown god.
  3652 | D:4      | Found a runed translucent gate.
  3653 | D:4      | Found a runed translucent gate.
  3654 | D:4      | Found a runed translucent gate.
  3657 | D:4      | Noticed an ogre
  3666 | D:4      | Killed an ogre
  3667 | D:4      | Reached XP level 6. HP: 44/52 MP: 6/6
  3740 | D:4      | Reached skill level 6 in Unarmed Combat
  4262 | D:4      | Your scales start taking on a dull iron-grey colour.
  4262 | D:4      | Reached XP level 7. HP: 60/60 MP: 7/7
  4578 | D:4      | Reached skill level 7 in Unarmed Combat
  4625 | D:4      | Found a stormy altar of Qazlal.
  4702 | D:4      | Noticed blacky4's ghost (amateur DsMo)
  4754 | D:5      | Entered Level 5 of the Dungeon
  4761 | D:5      | Reached skill level 5 in Fighting
  5049 | D:5      | Found a radiant altar of Vehumet.
  5169 | D:5      | Reached skill level 8 in Unarmed Combat
  5444 | D:5      | Reached XP level 8. HP: 70/70 MP: 8/8
  5848 | D:5      | Found a basalt altar of Yredelemnul.
  5855 | D:5      | Found a broken altar of Ashenzari.
  5857 | D:5      | Found an opulent altar of Gozag.
  5975 | D:4      | Became a worshipper of Qazlal Stormbringer
  6125 | D:6      | Found a staircase to the Ecumenical Temple.
  6294 | D:6      | Noticed Blork the orc
  6303 | D:6      | Killed Blork the orc
  6612 | D:6      | Reached * piety under Qazlal
  6613 | D:6      | Reached skill level 9 in Unarmed Combat
  6847 | D:6      | Found a hazy altar of Hepliaklqana.
  7108 | D:7      | Reached XP level 9. HP: 70/79 MP: 9/9
  7368 | D:7      | Reached skill level 10 in Unarmed Combat
  7607 | D:7      | Found a burning altar of Makhleb.
  7945 | D:7      | Reached skill level 5 in Shapeshifting
  9086 | D:8      | Reached XP level 10. HP: 67/88 MP: 10/10
  9182 | D:8      | Reached ** piety under Qazlal
  9318 | D:8      | Reached skill level 1 in Invocations
  9782 | D:9      | Reached skill level 5 in Dodging
  9820 | D:9      | Reached skill level 11 in Unarmed Combat
  9866 | D:9      | Found a staircase to the Lair.
 10322 | D:9      | Paralysed by a hornet for 2 turns
 10636 | D:9      | Identified a scroll of acquirement
 10639 | D:9      | Acquired the amulet "Dudytarr" {Spirit Regen+ Dex+7}
 10888 | D:10     | Entered Level 10 of the Dungeon
 10892 | D:10     | Reached *** piety under Qazlal
 10939 | D:10     | Found the +18 Lear's hauberk
 11118 | D:10     | Noticed Josephine
 11138 | D:10     | Killed Josephine
 11139 | D:10     | Reached XP level 11. HP: 76/97 MP: 9/13
 11476 | D:10     | Found Padghod's Antique Armour Shop.
 11513 | D:10     | Identified the +1 short sword of Nuosaupho {flame, Contam
                  | rN+ Dex+2 SInv}
 11727 | D:10     | Found Meonead's Book Emporium.
 11733 | D:10     | Reached skill level 12 in Unarmed Combat
 12261 | D:11     | Found a broken altar of Ashenzari.
 12266 | D:11     | Noticed a red ugly thing
 12272 | D:11     | Killed a red ugly thing
 12309 | D:11     | Found a staircase to the Orcish Mines.
 12326 | D:11     | Reached **** piety under Qazlal
 13091 | D:12     | Annihilated by a titanic slime creature

Illustrated notes

Levels and vault maps discovered:
D:1:      reono_arrival_forest_river, layout_basic, minmay_tromino_v2
D:2:      layout_basic, basic_altar, serial_bayou_pond_e, minivault_25,
          minmay_fractal_squares_gapless_5
D:3:      layout_loops_ring, nicolae_uskayaw_murder_on_the_dancefloor,
          mainiacjoe_overflow_24_doors, gammafunk_ghost_stat_death,
          hellmonk_ecumenical_altar_inner_sanctum, uniq_terence
D:4:      layout_loops_corners, mainiacjoe_overflow_surrounded_room,
          gammafunk_ghost_icy, minmay_snake_closets
D:5:      layout_cave_pools, vehumet_statue, grunt_temple_overflow_diamond,
          minmay_starry_boxes
D:6:      layout_basic, nicolae_hepliaklqana_hazy_memory,
          minmay_temple_entry_wispy, kennysheep_generic_room_10,
          uniq_blork_the_orc
D:7:      layout_basic, lemuel_crystal_altar
D:8:      layout_cave_pods, eino_jars
D:9:      layout_rooms, due_lair_maze_entry_diamond
D:10:     layout_loops_ring, serial_shops, nicolae_shop_waterfront, shop_statue,
          uniq_josephine
D:11:     layout_basic, david_orc_2, ashenzari_conservatory_becter
D:12:     layout_basic, nicolae_eternal_life

Skill      XL: |  1  2  3  4  5  6  7  8  9 10 11 |
---------------+----------------------------------+-----
Fighting       | 2 3 4 6 7 8 9 |  9.0
Unarmed Combat | 4 5 6 8 9 10 11 12 | 12.0
Dodging        | 3 4 5 6 |  6.5
Shapeshifting  | 4 5 6 7 |  7.9
Invocations    | 3 |  3.2

Action                     |  1- 3 |  4- 6 |  7- 9 | 10-12 || total
---------------------------+-------+-------+-------+-------++-------
  Melee: Unarmed           |   124 |   161 |   336 |   320 ||   941
         Tailslap          |    14 |    29 |    56 |    51 ||   150
         Punch             |     2 |     5 |    18 |    22 ||    47
    Use: Scroll            |       |       |       |     6 ||     6
         Potion            |       |       |       |     3 ||     3
   Stab: Sleeping          |       |     3 |     2 |       ||     5
 Armour: Skin              |    47 |    20 |   111 |   100 ||   278
  Dodge: Dodged            |    82 |    74 |   185 |   163 ||   504
  Block: Other             |       |       |     6 |    46 ||    52

Table legend: (Time is in decaauts)
 A = Elapsed time spent in this place.
 B = Non-inter-level travel time spent in this place.
 C = Inter-level travel time spent in this place.
 D = Time resting spent in this place.
 E = Time spent auto-exploring this place.
 F = Levels seen in this place.
 G = Mean time per level.
                   A        B        C        D        E       F      G
               +--------+--------+--------+--------+--------+-----+--------+
         Total |  13009 |  12635 |    374 |   2582 |   8079 |  12 | 1084.1 |
       Dungeon |  13009 |  12635 |    374 |   2582 |   8079 |  12 | 1084.1 |
               +--------+--------+--------+--------+--------+-----+--------+

Top non-repeatable levels by time:
     D:4: 1546 daAuts
     D:9: 1324 daAuts
     D:8: 1283 daAuts
     D:7: 1249 daAuts
     D:3: 1187 daAuts
     D:1: 1150 daAuts
     D:6: 1136 daAuts
     D:2: 1092 daAuts
     D:5: 1043 daAuts
    D:10: 1034 daAuts
    D:11: 917 daAuts
    D:12: 43 daAuts
